 Dungeon Crawl Stone Soup version 0.30-a0-1075-gcd70e7a56d (webtiles) character file.

Game seed: 17721310461572775286

1967 senseless the Ruffian (level 9, 0/59 HPs)
             Began as an Octopode Transmuter on Apr 13, 2023.
             Was an Initiate of Gozag.
             Slain by a gnoll
             ... wielding a +0 flail
             ... led by a gnoll sergeant
              (7 damage)
             ... on level 7 of the Dungeon on Apr 14, 2023.
             The game lasted 00:19:29 (5372 turns).

senseless the Ruffian (Octopode Transmuter)         Turns: 5372, Time: 00:19:29

Health: 0/59       AC:  1    Str: 13    XL:     9   Next: 19%
Magic:  15/15      EV: 19    Int: 16    God:    Gozag
Gold:   913        SH:  0    Dex: 12    Spells: 7/17 levels left

rFire   . . .      SeeInvis .      - Unarmed
rCold   . . .      Faith    .    (no shield)
rNeg    . . .      Spirit   .    (helmet currently unavailable)
rPois   .          Reflect  .    h - amulet of regeneration
rElec   .          Rampage  .    q - +5 ring of evasion
rCorr   .                        (no ring)
Will    .....                    (no ring)
Stlth   ++                       (no ring)
HPRegen 1.09/turn                (no ring)
MPRegen 0.14/turn                (no ring)
                                 (no ring)
                                 (no ring)

@: appendages, gold aura
A: tentacle spike 3, almost no armour, amphibious, 8 rings, camouflage 1,
gelatinous body 1, (nimble swimmer 1), tentacles
a: End Transformation, Renounce Religion, Potion Petition, Call Merchant, Bribe
Branch


You were on level 7 of the Dungeon.
You worshipped Gozag.
Gozag was pleased with you.
One of your tentacles had grown a beastly spike.
You visited 1 branch of the dungeon, and saw 7 of its levels.

You collected 936 gold pieces.
You spent 23 gold pieces at shops.

Inventory:

Hand Weapons
 a - a +1 sling of draining
Jewellery
 h - an amulet of regeneration (around mantle)
 o - the amulet of Megalomania {RegenMP +Inv rN++ Int+3 Dex-5}
   (You found it on level 3 of the Dungeon)

   [amulet of magic regeneration]

   It increases your rate of magic regeneration.
   Int:       It affects your intelligence (+3).
   Dex:       It affects your dexterity (-5).
   rN:        It greatly protects you from negative energy.
   +Inv:      It lets you turn invisible.
 q - a +5 ring of evasion (left tentacle)
Wands
 n - a wand of charming (10)
 r - a wand of flame (21)
 u - a wand of roots (4)
Scrolls
 b - 2 scrolls of fear
 c - a scroll of enchant armour
 d - a scroll of amnesia
 i - 2 scrolls of teleportation
 m - a scroll of magic mapping
 s - 2 scrolls of vulnerability
 t - a scroll of enchant weapon
 w - 2 scrolls of identify
Potions
 e - 2 potions of invisibility
 f - 2 potions of lignification
 g - a potion of heal wounds
 j - a potion of mutation
 k - a potion of brilliance {unknown}
 l - 3 potions of magic
 p - 6 potions of flight
 v - a potion of curing {unknown}


   Skills:
 + Level 4.7 Fighting
 - Level 0.7 Ranged Weapons
 + Level 5.0 Dodging
 + Level 5.4 Unarmed Combat
 + Level 4.5 Spellcasting
 + Level 4.8 Transmutations
 + Level 2.8 Ice Magic
 + Level 4.9 Poison Magic


You had 7 spell levels left.
You knew the following spells:

 Your Spells              Type           Power      Damage    Failure   Level
a - Beastly Appendage     Tmut           38%        N/A       2%          1
b - Wereblood             Tmut           19%        N/A       3%          2
c - Spider Form           Tmut/Pois      19%        N/A       6%          3
d - Ice Form              Ice/Tmut       15%        N/A       32%         4

Your spell library contained the following spells:

 Spells                   Type           Power      Damage    Failure   Level
 Cigotuvi's Dreadful Rot  Necr/Pois/Air  16%        N/A       12%         2
 Ignite Poison            Fire/Tmut/Pois 14%        N/A       12%         3
 Freezing Cloud           Conj/Ice/Air   3%         6-21      97%         5


Dungeon Overview and Level Annotations

Branches:
Dungeon (7/15)             Temple (0/1) D:5

Altars:
Cheibriados
Gozag
The Shining One

Shops:
D:5 *(*


Innate Abilities, Weirdness & Mutations

One of your tentacles has grown a beastly spike.
You cannot wear most types of armour.
You are amphibious.
You can wear up to eight rings at the same time.
Your skin changes colour to match your surroundings (Stealth+).
Your rubbery body absorbs attacks. (AC +1, EV +1)
((You are camouflaged when in or above water. (Stealth+)))
You have tentacles for arms and can constrict up to eight enemies at once.


Message History

The gnoll sergeant hits you with a +2 vampiric trident!
The gnoll sergeant draws strength from your wounds!
You tentacle-slap the gnoll sergeant but do no damage.
The gnoll sergeant is severely wounded.
You constrict the gnoll sergeant.
The gnoll sergeant escapes!
You barely miss the gnoll sergeant. You grab the gnoll sergeant.
The gnoll sergeant is severely wounded.
You constrict the gnoll sergeant, but do no damage.
The gnoll sergeant hits you with a +2 vampiric trident!
The gnoll hits you with a +0 flail!
You tentacle-slap the gnoll sergeant.
You pierce the gnoll sergeant, but do no damage.
The gnoll sergeant is almost dead.
You constrict the gnoll sergeant.
The gnoll sergeant hits you with a +2 vampiric trident!
* * * LOW HITPOINT WARNING * * *
The gnoll sergeant draws strength from your wounds!
The gnoll barely misses you.
You tentacle-slap the gnoll sergeant but do no damage.
You pierce the gnoll sergeant.
The gnoll sergeant is almost dead.
You constrict the gnoll sergeant, but do no damage.
The gnoll sergeant misses you. The gnoll completely misses you.
You tentacle-slap the gnoll sergeant but do no damage.
You pierce the gnoll sergeant, but do no damage.
The gnoll sergeant is almost dead.
You constrict the gnoll sergeant.
You kill the gnoll sergeant!
The gnoll completely misses you.
Your Dodging skill increases to level 5!
You barely miss the gnoll. Your grab misses the gnoll.
You pierce the gnoll.
The gnoll is moderately wounded.
The gnoll hits you with a +0 flail!
* * * LOW HITPOINT WARNING * * *
You tentacle-slap the gnoll. Your grab misses the gnoll.
Your squeeze misses the gnoll.
The gnoll is heavily wounded.
The gnoll hits you with a +0 flail!
You die...
Your body crumbles into a pile of gold.

#.'.....############..#.
###'#........# #..........
########............# #.###.....#
....................# #.# #......
.##.................###'###......
..'....<....#'##....<....#######.
..#.........#.##...$.....# #.
#.#.....#####.##.........# #.
#.#.....# #..$@....<...# #.
#.#.)...# #.#g##.......# #.
#[......# #... #.......# #.
##......# #.## #.......# #.
######.# #. #.......# #. #.# .
######### #. #.# #. #. #.### # ##
#...# .# #


You could see a gnoll.

Vanquished Creatures
  Grinder (D:4)
  2 water moccasins
  A black bear (D:7)
  A sky beast (D:7)
  2 ice beasts
  2 ogres
  2 centaurs
  2 bullfrogs (D:7)
  2 gnoll sergeants (D:7)
  2 hounds
  A gnoll bouda (D:4)
  6 iguanas
  2 orc wizards
  Ijyb (D:4)
  7 gnolls
  9 adders
  2 shadow imps
  3 dart slugs
  A worm (D:2)
  14 orcs
  5 ball pythons
  6 bats
  16 endoplasms
  2 giant cockroaches (D:1)
  7 goblins
  12 hobgoblins
  4 jackals (D:2)
  10 kobolds
  7 quokkas
  4 frilled lizards
  4 rats
140 creatures vanquished.

Vanquished Creatures (others)
  10 plants (D:7)
10 creatures vanquished.

Grand Total: 150 creatures vanquished

Notes
Turn   | Place    | Note
-------+----------+-------------------------------------------
     0 | D:1      | senseless the Octopode Transmuter began the quest for the
                  | Orb.
     0 | D:1      | Reached XP level 1. HP: 13/13 MP: 3/3
   115 | D:1      | Reached XP level 2. HP: 18/18 MP: 3/5
   445 | D:1      | Reached XP level 3. HP: 23/23 MP: 4/6
   944 | D:2      | Learned a level 2 spell: Wereblood
  1076 | D:2      | Reached XP level 4. HP: 29/29 MP: 4/7
  1142 | D:2      | Learned a level 3 spell: Spider Form
  1831 | D:3      | Reached XP level 5. HP: 25/34 MP: 6/8
  1951 | D:3      | Reached skill level 1 in Poison Magic
  1957 | D:3      | Found a faded altar of an unknown god.
  2358 | D:3      | Identified the amulet of Megalomania {RegenMP +Inv rN++
                  | Int+3 Dex-5}
  2409 | D:3      | Prayed at the altar of an unknown god.
  2409 | D:3      | Became a worshipper of Gozag Ym Sagoz the Greedy
  2543 | D:4      | Noticed Grinder
  2557 | D:4      | Killed Grinder
  2558 | D:4      | Reached XP level 6. HP: 30/42 MP: 10/10
  2752 | D:4      | Upgraded the game from 0.30-a0-1074-g5db6f66fbb to
                  | 0.30-a0-1075-gcd70e7a56d
  2757 | D:4      | Found a glowing golden altar of the Shining One.
  2774 | D:4      | Reached XP level 7. HP: 42/46 MP: 11/11
  2897 | D:4      | Found a snail-covered altar of Cheibriados.
  2903 | D:4      | Noticed Ijyb
  2958 | D:4      | Killed Ijyb
  3085 | D:5      | Entered Level 5 of the Dungeon
  3193 | D:5      | Found Simantenuck's General Store.
  3246 | D:5      | Found a staircase to the Ecumenical Temple.
  3346 | D:5      | Learned a level 4 spell: Ice Form
  3474 | D:5      | Found Dimece's Assorted Antiques.
  3482 | D:5      | Bought a scroll labelled ZISIGU ALUVVEL for 23 gold pieces
  3556 | D:5      | Reached XP level 8. HP: 54/54 MP: 13/13
  3572 | D:5      | Reached skill level 1 in Ice Magic
  3600 | D:5      | Found Jonaqu's Antique Weapon Shop.
  3640 | D:5      | You fall into a shaft and drop 2 floors!
  3869 | D:7      | Reached skill level 5 in Unarmed Combat
  5064 | D:7      | Reached XP level 9. HP: 35/59 MP: 15/15
  5371 | D:7      | Reached skill level 5 in Dodging
  5372 | D:7      | Slain by a gnoll

Illustrated notes

Levels and vault maps discovered:
D:1:      dpeg_arrival_yet_another_circle, layout_basic
D:2:      layout_loops_ring, kennysheep_generic_room_16
D:3:      layout_loops_cross, hellmonk_ecumenical_altar_blasted
D:4:      layout_rooms, mainiacjoe_overflow_concentric_impassable,
          mainiacjoe_overflow_cross_hatched, uniq_grinder, uniq_ijyb
D:5:      layout_rooms, minmay_temple_entry_trees, serial_shops, shop,
          nicolae_square_shop, nicolae_diamond_shop
D:6:      layout_loops_corners, chequers_hall_statues_wall_a,
          nicolae_figureground_pulse
D:7:      layout_basic, nicolae_grassy_gnolls

Skill      XL: |  1  2  3  4  5  6  7  8  9 |
---------------+----------------------------+-----
Fighting       | 2 3 4 |  4.7
Poison Magic   | 2 3 4 |  4.9
Dodging        | 3 4 5 |  5.0
Unarmed Combat | 4 5 |  5.4
Spellcasting   | 3 4 |  4.5
Transmutations | 3 4 |  4.8
Ice Magic      | 2 |  2.8
Ranged Weapons | |  0.7

Action                     |  1- 3 |  4- 6 |  7- 9 || total
---------------------------+-------+-------+-------++-------
  Melee: Unarmed           |    72 |   121 |   161 ||   354
         Tentacles         |    13 |    22 |    36 ||    71
         Kick              |    17 |    37 |    54 ||   108
         Constrict         |    18 |    25 |    28 ||    71
         Punch             |       |     1 |     6 ||     7
   Fire: Sling             |       |     4 |    52 ||    56
   Cast: Beastly Appendage |    23 |    38 |    22 ||    83
    Use: Scroll            |       |       |    18 ||    18
   Stab: Sleeping          |     4 |     8 |       ||    12
         Distracted        |       |     1 |       ||     1
 Armour: Skin              |     7 |     2 |     2 ||    11
  Dodge: Dodged            |    33 |    52 |   166 ||   251

Table legend: (Time is in decaauts)
 A = Elapsed time spent in this place.
 B = Non-inter-level travel time spent in this place.
 C = Inter-level travel time spent in this place.
 D = Time resting spent in this place.
 E = Time spent auto-exploring this place.
 F = Levels seen in this place.
 G = Mean time per level.
                   A        B        C        D        E       F      G
               +--------+--------+--------+--------+--------+-----+--------+
         Total |   5375 |   5115 |    260 |     53 |   3952 |   7 |  767.9 |
       Dungeon |   5375 |   5115 |    260 |     53 |   3952 |   7 |  767.9 |
               +--------+--------+--------+--------+--------+-----+--------+

Top non-repeatable levels by time:
     D:6: 1045 daAuts
     D:2: 895 daAuts
     D:1: 864 daAuts
     D:5: 678 daAuts
     D:3: 675 daAuts
     D:4: 640 daAuts
     D:7: 574 daAuts
